 Dungeon Crawl Stone Soup version 0.14.0-9-g9c5475a (webtiles) character file.

125946 MDvedh the Spry (level 17, -2/111 HPs)
             Began as a Kobold Berserker on Apr 13, 2014.
             Was a High Priest of Trog.
             Killed from afar by a greater naga (37 damage)
             ... with a poison arrow
             ... on Level 5 of the Snake Pit.
             The game lasted 01:36:50 (35749 turns).

MDvedh the Spry (Kobold Berserker)                 Turns: 35749, Time: 01:36:50

HP  -2/111       AC 18     Str 16      XL: 17   Next: 52%
MP  28/28        EV 32     Int 11      God: Trog [*****.]
Gold 49          SH 17     Dex 30      Spells:  0 memorised, 16 levels left

rFire  + . .     SeeInvis +     C - -1,+14 short sword of Accord {distort, +Inv rC+ Int+1}
rCold  + + .     Clarity  .     U - +3 scale mail of the Spheres {rN+ Dex+4 SInv}
rNeg   + + .     Conserve .     e - +0 buckler
rPois  +         rCorr    .     i - +2 hat {Int+3}
rElec  .         rRot     .     l - +1 ratskin cloak {rPois rN+ Dex-1 Int-1}
SustAb . .       Spirit   .     E - +0 pair of gloves
rMut   .         Warding  .     J - +0 pair of boots
Saprov + + .     Stasis   .     O - amulet of Ofuezus {+Rage Dex+5 Int+3}
MR     ++++.                    I - ring of protection from magic
                                Q - ring of Muemig {rF+ rC+ AC+2}

@: regenerating, studying Fighting, lethally poisoned, incredibly resistant to
hostile enchantments, extraordinarily stealthy
A: disease resistance, horns 2, rugged brown scales 1, breathe flames 1,
carnivore 3, low mp 1, saprovore 2, spit poison 1, evolution 1
a: Spit Poison, Burn Spellbooks, Berserk, Trog's Hand, Brothers in Arms,
Renounce Religion, Breathe Fire, Evoke Berserk Rage, Evoke Invisibility


You were on level 5 of the Snake Pit.
You worshipped Trog.
Trog was extremely pleased with you.
You were very full.

You visited 4 branches of the dungeon, and saw 32 of its levels.
You visited 1 bazaar.

You collected 3076 gold pieces.
You spent 3027 gold pieces at shops.

Inventory:

Hand weapons
 a - a +4,+7 anti-magic quick blade
 C - the -1,+14 short sword of Accord (weapon) {distort, +Inv rC+ Int+1}
   (Trog gifted it to you on level 10 of the Dungeon)

   It warps and distorts space around it.
   Unwielding it can cause banishment or high damage.
   It affects your intelligence (+1).
   It protects you from cold.
   It lets you turn invisible.
Armour
 e - a +0 buckler (worn)
 i - a +2 hat of intelligence (worn)
 l - the +1 ratskin cloak (worn) {rPois rN+ Dex-1 Int-1}
   (You acquired it on level 2 of the Snake Pit)

   It affects your intelligence (-1).
   It affects your dexterity (-1).
   It protects you from poison.
   It protects you from negative energy.
 E - a +0 pair of gloves (worn)
 J - a +0 pair of boots (worn)
 U - the +3 scale mail of the Spheres (worn) {rN+ Dex+4 SInv}
   (You found it on level 2 of the Snake Pit)

   It affects your dexterity (+4).
   It protects you from negative energy.
   It enhances your eyesight.
Magical devices
 r - a wand of disintegration (14)
 w - a wand of teleportation (6)
 z - a wand of digging (13)
 L - a wand of fire (5)
 R - a wand of disintegration (9)
Comestibles
 b - a honeycomb
 c - 11 meat rations
Scrolls
 d - 3 scrolls of enchant weapon II
 h - 10 scrolls of teleportation
 m - 5 scrolls of fog
 q - 2 scrolls of immolation
 t - a scroll of recharging
 u - 7 scrolls of remove curse
 v - 6 scrolls of fear
 y - a scroll of identify
 A - a scroll of magic mapping
 B - 3 scrolls of blinking
 Y - 3 scrolls of vulnerability
Jewellery
 g - an uncursed ring of ice
 n - a cursed amulet of resist mutation
 o - an uncursed amulet of clarity
 x - an uncursed ring of ice
 D - an uncursed ring of sustenance
 G - an uncursed ring of ice
 I - a ring of protection from magic (right hand)
 M - the ring "Phafaol" {+Rage Str+4}
   (You found it on level 5 of the Lair of Beasts)

   [ring of strength]

   It affects your strength (+4).
   It lets you go berserk.
 O - the amulet of Ofuezus (around neck) {+Rage Dex+5 Int+3}
   (You bought it in a shop on level 4 of the Snake Pit)

   [amulet of rage]

   It affects your intelligence (+3).
   It affects your dexterity (+5).
 Q - the ring of Muemig (left hand) {rF+ rC+ AC+2}
   (You bought it in a shop on level 4 of the Snake Pit)

   [ring of protection]

   It affects your AC (+2).
   It protects you from fire.
   It protects you from cold.
 S - an uncursed amulet of guardian spirit
Potions
 f - 9 potions of curing
 j - 2 potions of brilliance
 k - 3 potions of agility
 p - 6 potions of might
 s - 5 potions of restore abilities
 H - a potion of berserk rage
 N - a potion of flight
Books
 K - a manual of Fighting
Miscellaneous
 F - a sack of spiders {used: 1}
 V - a fan of gales


   Skills:
 - Level 12.7 Fighting
 - Level 15.0 Short Blades
 - Level 1.5 Armour
 + Level 19.6 Dodging
 + Level 17.7 Stealth
 - Level 5.4 Shields
 - Level 14.0 Evocations


You had 16 spell levels left.
You didn't know any spells.

Dungeon Overview and Level Annotations

Branches:
Dungeon (15/15)            Temple (0/1) D:4             Orc (4/4) D:12
    Elf (0/3) Orc:4          Lair (8/8) D:9          Shoals (0/5) Lair:6
  Snake (5/5) Lair:5        Slime (0/6) Lair:6       Vaults (0/5) D:13
 Depths (0/5) D:15

Altars:
Elyvilon
Fedhas
Makhleb
Nemelex Xobeh
Xom
Yredelemnul
The Shining One
Beogh

Shops:
D:10 *   D:12 (   Orc:2 (   Orc:4 *?[:   Snake:4 ?=(=

Annotations:
Lair:6 exclusion: ice statue
Lair:8 1 exclusion
Abyss:1 Erica, Josephine


Innate Abilities, Weirdness & Mutations

You recuperate from illness quickly.
You are small and have problems with some larger weapons.
You are carnivorous and can eat meat at any time.
You can eat rotten meat.
You have a pair of horns on your head.
You are partially covered in rugged brown scales (AC +1, +3% HP).
You can breathe flames.
Your magical capacity is low (-10% MP).
You can spit poison.
You evolve.


Message History

Drink which item? (? for menu, Esc to quit)
You feel better.
Your surroundings suddenly seem different.
Something loses its grip on you.
Found an apple.
A water moccasin and 2 black mambas come into view.
Unknown command.
The helpless black mamba fails to defend itself.
You perforate the black mamba like a sieve!!!!!
You kill the black mamba!
Trog accepts your kill.
The helpless black mamba fails to defend itself.
You perforate the black mamba like a sieve!!!!!
You kill the black mamba!
Trog accepts your kill. The greater naga casts a spell at you.
The poison arrow hits you!
You are poisoned.
You partially resist.
You die...

##≈≈§.§##,......##...,*,,,,,*
#≈≈≈..##,,,....,*#..#**,,,,,*
§≈...##,,,,...,,*#..# *,,,,,*
§...##,,,,.....,##..# *,,,,,*
≈.)##,,,,,..S..,#...# *,,,,,*
...#,,,,,,,#...##...# *,,,,,*
...#,,, ,*##........# ,,,,,*
...#,,,,**#.....%...# *,,,,,*
NN(#,,,,* #.....@...# *,,,,,*
NN(#,,,,* #..N......# *,,,,,*
####,,,, *#.............,,,,*
.,*,,,, *#...............,,,*
.**,,,,,*##..............,,,*
#*,,,,,,* #.............,,,,*
#,**, ,,***...........%,,,,,*
,,***,,,,**,..........,,,,,,*
,***,,,,***, ,....,,,,,,,,,*


You could see a greater naga and a water moccasin (sleeping).

Vanquished Creatures
  Rupert (Lair:8)
  A greater naga (Snake:4)
  Donald (Orc:3)
  Maud (Lair:6)
  Louise (Snake:4)
  Gastronok (Orc:3)
  Snorg (D:14)
  2 fire dragons (D:15)
  A hydra (D:14)
  4 naga warriors
  3 anacondas
  An ogre mage (D:15)
  The ghost of nubinia the Reanimator, a powerful DsNe of Ashenzari (Lair:1)
  17 death yaks
  A tengu warrior (D:13)
  Urug (D:13)
  9 naga sharpshooters
  8 shock serpents
  A skeletal warrior (D:15)
  3 catoblepae (Lair:8)
  A centaur warrior (D:15)
  3 salamander mystics
  The ghost of Liquorice the Martial Artist, an experienced DsAr of Nemelex Xobeh (D:9)
  An unseen horror (D:15)
  2 naga ritualists (Snake:5)
  Pikel (D:4)
  A lindwurm (Snake:5)
  5 hill giants
  3 cyclopes
  A wolf spider (D:10)
  3 mana vipers
  9 elephants
  2 manticores
  Maurice (Orc:3)
  4 salamanders
  26 black mambas
  2 gargoyles
  Psyche (D:9)
  15 naga magi
  An efreet (D:13)
  9 spiny frogs
  2 fire drakes
  A yaktaur (D:15)
  Grinder (D:4)
  6 trolls
  2 tengu conjurers
  A centaur skeleton (D:13)
  A freezing wraith (Lair:6)
  4 two-headed ogres
  2 polar bears
  A snapping turtle (Lair:6)
  10 blink frogs
  7 komodo dragons
  Prince Ribbit (D:5)
  3 ravens (D:13)
  5 slime creatures (D:14)
  A raiju (shapeshifter) (D:13)
  3 basilisks
  5 wyverns
  A spriggan (D:8)
  4 sharks
  40 yaks
  An elephant slug (Lair:7)
  8 ugly things
  2 deep elf magi
  Eustachio (D:4)
  Grum (D:8)
  10 hippogriffs
  A human (shapeshifter) (D:14)
  16 wolves
  A centaur simulacrum (D:11)
  32 nagas
  A tengu zombie (D:11)
  A warg (Orc:2)
  12 water moccasins
  A soldier ant (shapeshifter) (D:13)
  3 necrophages
  A tengu skeleton (D:11)
  17 orc warriors
  9 ice beasts
  5 porcupines
  A giant goldfish (Lair:6)
  2 phantoms
  2 slaves (D:4)
  21 ogres
  7 sky beasts
  18 centaurs
  15 crocodiles
  A boring beetle (Lair:6)
  2 yellow wasps
  A crocodile (shapeshifter) (D:13)
  A gnoll sergeant (D:9)
  2 lava worms (D:12)
  12 giant slugs
  9 giant frogs
  A cyclops skeleton (D:15)
  A troll zombie (D:11)
  A yak zombie (D:8)
  5 wights (D:11)
  An electric eel (Lair:6)
  2 scorpions
  A hippogriff skeleton (D:13)
  8 crimson imps
  A goliath beetle (D:12)
  4 killer bees (D:13)
  A giant frog zombie (D:9)
  9 hounds
  Crazy Yiuf (D:4)
  A jelly (D:7)
  14 orc priests
  2 quasits
  2 gnoll shamans (D:14)
  24 orc wizards
  10 worker ants
  5 iguanas
  9 sheep
  Ijyb (D:2)
  An ogre skeleton (D:11)
  3 hound zombies
  A worker ant zombie (D:7)
  26 gnolls
  39 green rats
  5 shadow imps
  23 adders
  An inept item mimic (D:9)
  A white imp (Lair:6)
  2 giant mites
  7 worms
  2 ufetubi (D:4)
  An iguana skeleton (D:11)
  An iguana zombie (D:5)
  An adder skeleton (D:7)
  4 giant eyeballs
  8 giant geckos
  3 oozes
  161 orcs
  5 giant cockroaches
  15 goblins
  16 hobgoblins
  34 jackals
  10 kobolds
  14 quokkas
  26 bats
  8 giant newts
  3 giant spores
  A hobgoblin skeleton (D:8)
  A jackal skeleton (D:5)
  A kobold skeleton (D:7)
  2 orc skeletons
  An orc zombie (D:7)
  27 rats
  6 ballistomycetes
  A butterfly (Lair:5)
  5 fungi
  A plant (D:14)
1040 creatures vanquished.

Vanquished Creatures (collateral kills)
  8 death yaks
  A shock serpent (Snake:4)
  4 elephants (Lair:3)
  A fire drake (Lair:8)
  A boulder beetle (Lair:4)
  A basilisk (Lair:3)
  5 ogres (Orc:4)
21 creatures vanquished.

Vanquished Creatures (others)
  4 naga warriors
  4 ogre magi (Orc:4)
  2 shock serpents
  4 naga sharpshooters
  2 centaur warriors
  An orc knight (Orc:2)
  A mana viper (Snake:4)
  2 naga magi
  12 two-headed ogres (Orc:4)
  A wyvern (D:10)
  2 trapdoor spiders (Lair:7)
  2 yaks
  An ugly thing (D:11)
  A water moccasin (Snake:1)
  4 nagas
  A spider (Lair:7)
  3 orc warriors
  3 centaurs
  19 ogres
  A big kobold (D:14)
  An orc priest (Orc:2)
  A crimson imp (D:12)
  2 orc wizards
  A giant gecko (D:4)
  3 orcs
  A quokka (D:4)
  A giant spore (D:12)
  A jackal (D:4)
  3 ballistomycetes
  4 fungi (Lair:6)
  3 plants
91 creatures vanquished.

Grand Total: 1152 creatures vanquished

Notes
Turn   | Place    | Note
--------------------------------------------------------------
     0 | D:1      | MDvedh, the Kobold Berserker, began the quest for the Orb.
     0 | D:1      | Reached XP level 1. HP: 14/14 MP: 1/1
   207 | D:1      | Reached XP level 2. HP: 17/19 MP: 2/2
   330 | D:1      | Reached skill level 5 in Short Blades
   427 | D:1      | Reached XP level 3. HP: 18/23 MP: 3/3
   687 | D:1      | Acquired Trog's second power
  1103 | D:2      | Noticed Ijyb
  1388 | D:2      | Killed Ijyb
  1388 | D:2      | Reached skill level 6 in Short Blades
  1477 | D:2      | Reached XP level 4. HP: 25/28 MP: 4/4
  2759 | D:3      | Reached skill level 7 in Short Blades
  2759 | D:3      | Reached XP level 5. HP: 28/32 MP: 5/5
  3992 | D:4      | HP: 1/32 [rat (2)]
  4115 | D:4      | Reached skill level 8 in Short Blades
  4115 | D:4      | Reached XP level 6. HP: 37/37 MP: 6/6
  4402 | D:4      | Reached skill level 9 in Short Blades
  4403 | D:4      | Paralysed by a giant eyeball for 4 turns
  4411 | D:4      | Paralysed by a giant eyeball for 3 turns
  4431 | D:4      | Noticed Crazy Yiuf
  4443 | D:4      | Killed Crazy Yiuf
  4654 | D:4      | Noticed Grinder
  4657 | D:4      | Paralysed by Grinder for 7 turns
  4670 | D:4      | Killed Grinder
  4670 | D:4      | Reached skill level 10 in Short Blades
  4670 | D:4      | Reached XP level 7. HP: 41/41 MP: 7/7
  4779 | D:4      | Noticed Eustachio
  4780 | D:4      | Noticed a phantom
  4845 | D:4      | Killed a phantom
  4845 | D:4      | Reached skill level 11 in Short Blades
  5026 | D:4      | Killed Eustachio
  5026 | D:4      | Reached XP level 8. HP: 46/46 MP: 8/8
  5230 | D:4      | Noticed a slave
  5231 | D:4      | Noticed Pikel
  5232 | D:4      | Noticed a slave
  5232 | D:4      | Noticed a slave
  5232 | D:4      | Paralysed by Pikel for 5 turns
  5234 | D:4      | Noticed a slave
  5252 | D:4      | Killed a slave
  5261 | D:4      | Killed a slave
  5272 | D:4      | Killed Pikel
  5272 | D:4      | Reached skill level 13 in Short Blades
  5474 | D:4      | Found a staircase to the Ecumenical Temple.
  5775 | D:4      | Reached XP level 9. HP: 24/51 MP: 9/9
  6007 | D:5      | Entered Level 5 of the Dungeon
  6023 | D:5      | Got a faintly humming scale mail
  6028 | D:5      | Identified the +4 scale mail of Chill Winds {Stlth+} (You found it on level 5 of the Dungeon)
  6460 | D:5      | Acquired Trog's third power
  6651 | D:5      | Reached skill level 5 in Dodging
  6922 | D:5      | Found a burning altar of Makhleb.
  7180 | D:5      | Found a shimmering altar of Xom.
  7181 | D:5      | Found a basalt altar of Yredelemnul.
  7256 | D:5      | Noticed Prince Ribbit
  7280 | D:5      | Killed Prince Ribbit
  8011 | D:6      | Found a sparkling altar of Nemelex Xobeh.
  8156 | D:7      | Gained mutation: Your vision is a little blurry. [potion of mutation]
  8156 | D:7      | Gained mutation: You evolve. [potion of mutation]
  8156 | D:7      | Gained mutation: You are frail (-10% HP). [potion of mutation]
  8563 | D:7      | Reached XP level 10. HP: 50/50 MP: 10/10
  8829 | D:7      | Reached skill level 10 in Dodging
  8985 | D:7      | Gained mutation: You have a pair of small horns on your head. [evolution]
  9461 | D:8      | Noticed Grum
  9485 | D:8      | Killed Grum
 10513 | D:8      | Received a gift from Trog
 10980 | D:8      | Got a distressingly furry scale mail
 10994 | D:8      | Identified the +6 scale mail "Frar" {Str+4 Dex+5} (You found it on level 8 of the Dungeon)
 11021 | D:9      | Noticed Liquorice's ghost (experienced DsAr)
 11045 | D:8      | Reached skill level 1 in Stealth
 11045 | D:8      | Reached XP level 11. HP: 42/54 MP: 11/11
 11161 | D:9      | Killed Liquorice's ghost
 11161 | D:9      | Reached skill level 5 in Stealth
 11274 | D:9      | Noticed Psyche
 11289 | D:9      | Killed Psyche
 11418 | D:9      | Found a staircase to the Lair.
 11456 | D:9      | Noticed a hill giant
 11468 | D:9      | Killed a hill giant
 11468 | D:9      | Reached skill level 14 in Dodging
 11801 | D:9      | Found a white marble altar of Elyvilon.
 12065 | Lair:1   | Entered Level 1 of the Lair of Beasts
 12065 | Lair:1   | Found a labyrinth entrance.
 12065 | Lair:1   | Noticed nubinia's ghost (powerful DsNe)
 12105 | Lair:1   | Killed nubinia's ghost
 12230 | Lair:1   | Received a gift from Trog
 12940 | Lair:1   | Reached skill level 15 in Short Blades
 13076 | Lair:1   | Reached XP level 12. HP: 43/57 MP: 4/12
 13442 | Lair:1   | Reached skill level 1 in Evocations
 14082 | Lair:2   | Gained mutation: You are partially covered in rugged brown scales (AC +1, +3% HP). [evolution]
 14163 | Lair:2   | Reached skill level 10 in Stealth
 14569 | Lair:3   | Reached skill level 5 in Evocations
 15059 | Lair:3   | Received a gift from Trog
 15123 | Lair:3   | Lost mutation: You are frail (-10% HP). [evolution]
 15319 | Lair:3   | Gained mutation: Your magical capacity is low (-10% MP). [potion of mutation]
 15319 | Lair:3   | Gained mutation: You have a pair of horns on your head. [potion of mutation]
 15320 | Lair:3   | Gained mutation: You can spit poison. [potion of mutation]
 15320 | Lair:3   | Gained mutation: You can breathe flames. [potion of mutation]
 15574 | Lair:4   | Reached skill level 5 in Fighting
 15968 | Lair:4   | Reached XP level 13. HP: 60/76 MP: 21/21
 16250 | Lair:5   | Got a heavily runed lapis lazuli ring
 16292 | Lair:5   | Found a staircase to the Snake Pit.
 16533 | Lair:5   | Received a gift from Trog
 16855 | Lair:6   | Identified the ring "Phafaol" {+Rage Str+4} (You found it on level 5 of the Lair of Beasts)
 16871 | Lair:6   | Found a staircase to the Slime Pits.
 17171 | Lair:6   | Noticed Maud
 17183 | Lair:6   | Killed Maud
 17183 | Lair:6   | Reached skill level 10 in Fighting
 17539 | Lair:6   | Found a staircase to the Shoals.
 17878 | Lair:6   | Received a gift from Trog
 18379 | Lair:7   | Reached XP level 14. HP: 94/94 MP: 7/22
 18438 | Lair:7   | Found a burning altar of Makhleb.
 18483 | Lair:7   | Reached skill level 1 in Shields
 18940 | Lair:7   | Gained mutation: You occasionally shout uncontrollably. [evolution]
 19255 | Lair:8   | Entered Level 8 of the Lair of Beasts
 19258 | Lair:8   | Received a gift from Trog
 19397 | Lair:8   | Found a shimmering altar of Xom.
 19825 | Lair:8   | Noticed Rupert
 19853 | Lair:8   | Killed Rupert
 19853 | Lair:8   | Reached skill level 5 in Shields
 20102 | Lair:8   | Reached skill level 15 in Dodging
 20376 | Lair:8   | Reached skill level 16 in Dodging
 21209 | D:10     | Entered Level 10 of the Dungeon
 21357 | D:10     | Found Extod's Assorted Antiques.
 21362 | D:10     | Bought a sharpened iron wand for 100 gold pieces
 21362 | D:10     | Bought a cyan potion for 22 gold pieces
 21362 | D:10     | Bought a scroll of identify for 50 gold pieces
 21412 | D:10     | Received a gift from Trog
 21413 | D:10     | Got a transparent short sword {god gift}
 21414 | D:10     | Identified the -1,+14 short sword of Accord {distort, +Inv rC+ Int+1} (Trog gifted it to you on level 10 of the Dungeon)
 21638 | D:10     | Reached XP level 15. HP: 99/99 MP: 23/23
 22591 | D:11     | Paralysed by a giant eyeball for 3 turns
 22756 | D:11     | Paralysed by a giant eyeball for 2 turns
 22809 | D:11     | Noticed Josephine
 22816 | D:11     | Banished Josephine
 22904 | D:11     | Reached skill level 10 in Evocations
 23398 | D:12     | Found Qahik's Weapon Shoppe.
 23606 | D:12     | Found a blossoming altar of Fedhas.
 23668 | D:12     | Found a staircase to the Orcish Mines.
 24094 | Orc:1    | Entered Level 1 of the Orcish Mines
 24459 | Orc:2    | Received a gift from Trog
 24523 | Orc:2    | Found a roughly hewn altar of Beogh.
 24533 | Orc:2    | Found Trohokk's Antique Weapon Shop.
 24754 | Orc:2    | Received a gift from Trog
 24928 | Orc:3    | Noticed Donald
 24935 | Orc:3    | Killed Donald
 24986 | Orc:3    | Noticed Gastronok
 24988 | Orc:3    | Noticed Maurice
 25006 | Orc:3    | Killed Gastronok
 25029 | Orc:3    | Killed Maurice
 25099 | Orc:3    | Lost mutation: You occasionally shout uncontrollably. [evolution]
 25363 | Orc:4    | Entered Level 4 of the Orcish Mines
 25452 | Orc:4    | Found a flickering gateway to a bazaar.
 25475 | Bazaar   | Entered a bazaar
 25478 | Bazaar   | Found Brurgh Tiut's Jewellery Shop.
 25483 | Bazaar   | Found Fibien's Assorted Antiques.
 25504 | Bazaar   | Found Stradeocs' Food Boutique.
 25510 | Bazaar   | Found Pobeab's Gadget Emporium.
 25557 | Bazaar   | Bought a cursed amulet of resist mutation for 592 gold pieces
 25563 | Bazaar   | Bought a thick copper amulet for 195 gold pieces
 25563 | Bazaar   | Bought a bone wand for 156 gold pieces
 25563 | Bazaar   | Bought an encrusted agate ring for 195 gold pieces
 25563 | Bazaar   | Bought a golden ring for 195 gold pieces
 25563 | Bazaar   | Bought a scroll of identify for 78 gold pieces
 25672 | Orc:4    | Received a gift from Trog
 25837 | Orc:4    | Found a staircase to the Elven Halls.
 26043 | Orc:4    | Found Ghaitroh's Book Boutique.
 26043 | Orc:4    | Found Iwajeitt's Magic Scroll Shoppe.
 26044 | Orc:4    | Found Qadas' Armour Shoppe.
 26044 | Orc:4    | Found Thijyoro's Assorted Antiques.
 26122 | Orc:4    | Bought a scroll of teleportation for 36 gold pieces
 26122 | Orc:4    | Bought 2 scrolls of teleportation for 72 gold pieces
 26126 | Orc:4    | Bought a potion of curing for 40 gold pieces
 26126 | Orc:4    | Bought a scroll of teleportation for 60 gold pieces
 26411 | D:13     | Noticed Urug
 26418 | D:13     | Killed Urug
 26758 | D:13     | Noticed Erica
 26766 | D:13     | Banished Erica
 26856 | D:13     | Found a gate to the Vaults.
 26877 | D:13     | Received a gift from Trog
 26880 | D:13     | Got a slimy short sword {god gift}
 26983 | D:14     | Reached skill level 17 in Dodging
 27140 | D:14     | Found a glowing golden altar of the Shining One.
 27642 | D:14     | Noticed Snorg
 27650 | D:14     | Killed Snorg
 28003 | D:15     | Entered Level 15 of the Dungeon
 28015 | D:15     | Reached XP level 16. HP: 106/106 MP: 28/28
 28209 | D:15     | Found a staircase to the Depths.
 28388 | D:15     | Received a gift from Trog
 29152 | Snake:1  | Entered Level 1 of the Snake Pit
 30070 | Snake:2  | Reached skill level 18 in Dodging
 30301 | Snake:2  | Identified a scroll of acquirement
 30342 | Snake:2  | Got an ichor-stained scale mail
 30343 | Snake:2  | Identified the +3 scale mail of the Spheres {rN+ Dex+4 SInv} (You found it on level 2 of the Snake Pit)
 30460 | Snake:2  | Reached skill level 15 in Stealth
 30610 | Snake:2  | Lost mutation: Your vision is a little blurry. [evolution]
 31588 | Snake:3  | Received a gift from Trog
 33271 | Snake:3  | Reached XP level 17. HP: 38/111 MP: 12/28
 33703 | Snake:4  | Found Teqac's Weapon Shop.
 33848 | Snake:4  | Found Crai's Jewellery Shoppe.
 33946 | Snake:4  | Bought the amulet of Ofuezus {+Rage Dex+5 Int+3} for 701 gold pieces
 33946 | Snake:4  | Bought the ring of Muemig {rF+ rC+ AC+2} for 341 gold pieces
 33952 | Snake:4  | Identified the -2,+1 short sword "Jeang" {holy, Str+1 Stlth+} (Trog gifted it to you on level 13 of the Dungeon)
 34128 | Snake:4  | Received a gift from Trog
 34130 | Snake:4  | Reached skill level 19 in Dodging
 34167 | Snake:4  | Found Schaodioh's Magic Scroll Shoppe.
 34202 | Snake:4  | Bought a scroll of teleportation for 45 gold pieces
 34202 | Snake:4  | Bought a scroll of teleportation for 45 gold pieces
 34202 | Snake:4  | Bought a scroll of immolation for 52 gold pieces
 34202 | Snake:4  | Bought a scroll of magic mapping for 52 gold pieces
 34214 | Snake:4  | Found Skyonk's Jewellery Emporium.
 34861 | Snake:4  | Noticed Louise
 35057 | Snake:4  | Killed Louise
 35533 | Snake:5  | Entered Level 5 of the Snake Pit
 35749 | Snake:5  | Killed from afar by a greater naga

Action                   |  1- 3 |  4- 6 |  7- 9 | 10-12 | 13-15 | 16-18 || total
-------------------------+-------+-------+-------+-------+-------+-------++-------
Melee: Short sword       |   120 |   312 |   625 |   626 |   774 |   659 ||  3116
       Unarmed           |       |       |       |     8 |       |       ||     8
       Cutlass           |       |       |       |   416 |   592 |       ||  1008
Invok: Berserk           |     1 |     8 |    10 |    14 |    10 |     1 ||    44
       Trog's Hand       |       |       |     2 |     2 |       |     4 ||     8
       Burn Spellbooks   |       |       |     1 |     3 |     1 |       ||     5
       Brothers in Arms  |       |       |       |     3 |     7 |     2 ||    12
 Abil: Spit Poison       |       |       |       |       |     2 |       ||     2
Evoke: Wand              |       |       |     6 |     3 |    10 |       ||    19
       Sack of spiders   |       |       |       |       |     2 |       ||     2
  Use: Scroll            |       |    11 |     7 |     7 |    14 |    11 ||    50
       Potion            |       |     1 |     1 |     4 |     4 |     6 ||    16
 Stab: Sleeping          |     1 |     2 |       |    15 |    62 |    32 ||   112
       Paralysed         |       |       |     1 |       |       |       ||     1
       Distracted        |       |       |       |     2 |     8 |     5 ||    15
       Petrified         |       |       |       |       |     1 |       ||     1
       Invisible         |       |       |       |       |     1 |       ||     1
